 Dungeon Crawl Stone Soup version 0.30-a0-297-g0ec75d9ef4 (webtiles) character file.

Game seed: 17195595057002834434

3942 Harunobu the Fighter (level 10, 0/94 HPs)
             Began as a Minotaur Monk on Oct 19, 2022.
             Was an Elder of Okawaru.
             Slain by a manticore (7 damage)
             ... on level 7 of the Dungeon.
             The game lasted 00:14:47 (6816 turns).

Harunobu the Fighter (Minotaur Monk)                Turns: 6816, Time: 00:14:48

Health: 0/94       AC: 10    Str: 28    XL:     10   Next: 1%
Magic:  16/18      EV: 14    Int:  7    God:    Okawaru [****..]
Gold:   341        SH:  0    Dex: 12    Spells: 9/9 levels left

rFire   . . .      SeeInvis .    G - +4 flail (freeze)
rCold   + . .      Faith    +    (no shield)
rNeg    . . .      Spirit   .    C - +1 chain mail
rPois   +          Reflect  .    (helmet restricted)
rElec   .          Harm     .    (no cloak)
rCorr   .          Rampage  .    (no gloves)
Will    .....                    (no boots)
Stlth   ++........               r - amulet of faith
HPRegen 0.35/turn                t - ring of protection from cold
MPRegen 0.16/turn                o - ring "Keteisaeki" {rPois MP+9 Str+7}

@: heroic
A: horns 2, retaliatory headbutt
a: Renounce Religion, Heroism, Finesse


You were on level 7 of the Dungeon.
You worshipped Okawaru.
Okawaru was greatly pleased with you.
You visited 2 branches of the dungeon, and saw 8 of its levels.
You also visited: Sewer.

You collected 341 gold pieces.

Inventory:

Hand Weapons
 j - a +0 dagger of venom
 q - a +2 short sword of draining
 u - a +2 trident of pain
 y - a +2 whip of flaming
 E - a +4 flail
 G - a +4 flail of freezing (weapon)
Armour
 C - a +1 chain mail (worn)
Jewellery
 f - an amulet of the acrobat
 o - the ring "Keteisaeki" (right hand) {rPois MP+9 Str+7}
   (You found it on level 5 of the Dungeon)

   [ring of magical power]

   Str:       It affects your strength (+7).
   rPois:     It protects you from poison.
   MP:        It affects your magic capacity (+9).
 r - an amulet of faith (around neck)
 s - an amulet of reflection
 t - a ring of protection from cold (left hand)
 v - a ring of magical power
Wands
 D - a wand of acid (13)
Scrolls
 d - 4 scrolls of enchant armour
 e - 3 scrolls of blinking
 l - 2 scrolls of poison
 m - 2 scrolls of enchant weapon
 n - 2 scrolls of noise {unknown}
 p - 2 scrolls of identify
 w - 3 scrolls of teleportation {unknown}
 z - 3 scrolls of butterflies {unknown}
 B - 2 scrolls of magic mapping {unknown}
Potions
 a - 3 potions of haste {unknown}
 b - a potion of resistance {unknown}
 c - 5 potions of ambrosia
 g - 3 potions of flight {unknown}
 h - 6 potions of curing
 i - a potion of degeneration {unknown}
 k - 3 potions of invisibility {unknown}
 x - 2 potions of mutation {unknown}
 A - a potion of lignification {unknown}
 F - 2 potions of might {unknown}
 H - 3 potions of attraction {unknown}


   Skills:
 + Level 10.6(15.6) Fighting
 - Level 4.0(9.0) Maces & Flails
 + Level 9.7(14.7) Dodging
 + Level 7.8(12.8) Stealth


You had 9 spell levels left.
You didn't know any spells.
Your spell library contained the following spells:

 Spells                   Type           Power      Damage    Failure   Level
 Necrotise                Necr           0%         1d4       94%         1
 Vampiric Draining        Necr           0%         2d6       100%        3
 Agony                    Necr           0%         N/A       100%        5


Dungeon Overview and Level Annotations

Branches:
Dungeon (7/15)             Temple (1/1) D:4           Sewer (visited)

Altars:
Ashenzari
Cheibriados
Dithmenos
Elyvilon
Fedhas
Gozag
Hepliaklqana
Kikubaaqudgha
Makhleb
Nemelex Xobeh
Okawaru
Qazlal
Ru
Sif Muna
Trog
Uskayaw
Vehumet
Wu Jian
Xom
Yredelemnul
Zin
The Shining One

Annotations:
D:5 2 transporters
D:7 1 runed translucent door, foxfromabyss's ghost, novice OgGl


Innate Abilities, Weirdness & Mutations

You have a pair of horns on your head.
You reflexively headbutt those who attack you in melee.


Message History

The manticore bites you but does no damage.
The manticore claws you but does no damage. x2
You thump the manticore! You freeze the manticore. You headbutt the manticore!
The manticore is heavily wounded.
A centaur comes into view.
The manticore bites you. The manticore claws you! x2
You barely miss the manticore.
The manticore is heavily wounded.
The centaur shouts!
The manticore barely misses you. The manticore closely misses you.
The manticore claws you.
The centaur wields a +0 shortbow.
The centaur shoots an arrow.
The arrow hits you! The manticore bites you!!
* * * LOW HITPOINT WARNING * * *
The manticore closely misses you. The manticore claws you.
* * * LOW HITPOINT WARNING * * *
You feel better.
The manticore barely misses you. x2; The manticore claws you!
* * * LOW HITPOINT WARNING * * *
You feel better.
The centaur unwields a +0 shortbow.
The centaur hits you but does no damage.
The centaur kicks you but does no damage.
The centaur hits you but does no damage.
The centaur kicks you but does no damage.
The manticore bites you!
* * * LOW HITPOINT WARNING * * *
The manticore barely misses you. The manticore claws you.
* * * LOW HITPOINT WARNING * * *
You gain the combat prowess of a mighty hero.
The centaur closely misses you. You furiously retaliate!
You headbutt the centaur, but do no damage.
The centaur kicks you but does no damage.
The manticore bites you!
* * * LOW HITPOINT WARNING * * *
The manticore claws you but does no damage. x2
You feel better. The centaur misses you. You furiously retaliate!
You headbutt the centaur!! The centaur kicks you.
* * * LOW HITPOINT WARNING * * *
The centaur barely misses you.
The centaur kicks you but does no damage.
The manticore bites you!
You die...

######.†.)..#
#.........# #. #
#...†.#).##
#.........# #. #
###..###...#
#.........## #.
###.'...###).##
####.......# #.
#...##..#.....###
#.......# #.
.....#......#)#.#
#.......###.
..#..##...###...##
#.......##..
..)...#.###......#
#.......##.#
#...#####.....#.@#
#.......##.#
#.#'#.#.....###.cH#
#..........#
###...##..## ##..#
#...........
..##...#.. #...
#...........
...#.#'## ##..#
######......
...###..# ...
#...... .#......##
.### #......
.........#
##.#######......
####.....##
#..............


You could see a manticore and a centaur.

Vanquished Creatures
  Pikel (D:4)
  A deep elf pyromancer (D:7)
  A wyvern (D:7)
  Eustachio (D:6)
  A water moccasin (D:6)
  2 sky beasts (D:7)
  2 ice beasts (D:7)
  A black bear (D:5)
  3 ogres
  3 phantoms
  A lemure (D:4)
  3 kobold brigands
  3 bullfrogs
  5 scorpions
  9 wights (D:6)
  2 howler monkeys
  4 hounds
  A jelly (D:6)
  3 iguanas
  An orc wizard (D:5)
  11 adders
  A river rat (Sewer)
  2 white imps
  2 ufetubi
  3 worms
  2 dart slugs
  11 orcs
  12 ball pythons
  8 endoplasms
  5 hobgoblins
  18 kobolds
  3 quokkas
  13 bats
  7 frilled lizards
  4 goblins
  7 rats
157 creatures vanquished.

Vanquished Creatures (others)
  A fungus (D:2)
  9 plants
10 creatures vanquished.

Grand Total: 167 creatures vanquished

Notes
Turn   | Place    | Note
-------+----------+-------------------------------------------
     0 | D:1      | Harunobu the Minotaur Monk began the quest for the Orb.
     0 | D:1      | Reached XP level 1. HP: 19/19 MP: 0/0
    79 | D:1      | Reached XP level 2. HP: 14/27 MP: 1/1
   490 | D:2      | Reached skill level 4 in Fighting
   669 | D:2      | Found a faded altar of an unknown god.
   775 | D:2      | Reached XP level 3. HP: 33/33 MP: 2/2
  1507 | D:3      | Reached XP level 4. HP: 41/41 MP: 3/3
  1907 | D:3      | Found a sacrificial altar of Ru.
  2000 | D:3      | Found a burning altar of Makhleb.
  2124 | D:3      | Found a shimmering altar of Xom.
  2124 | D:3      | Found a white marble altar of Elyvilon.
  2125 | D:3      | Found a shimmering blue altar of Sif Muna.
  2410 | D:4      | Noticed a scorpion
  2421 | D:4      | Killed a scorpion
  2422 | D:4      | Reached XP level 5. HP: 20/47 MP: 4/4
  2604 | D:4      | Found a staircase to the Ecumenical Temple.
  2614 | Temple   | Entered the Ecumenical Temple
  2642 | D:4      | Noticed a lemure
  2645 | D:4      | Noticed a lemure
  2646 | D:4      | Noticed Pikel
  2651 | D:4      | Killed a lemure
  2659 | D:4      | Noticed a lemure
  2666 | D:4      | Killed Pikel
  2667 | D:4      | Reached skill level 6 in Fighting
  2667 | D:4      | Reached skill level 5 in Dodging
  2667 | D:4      | Reached XP level 6. HP: 7/58 MP: 5/5
  2667 | D:4      | Reached XP level 7. HP: 7/64 MP: 6/6
  3061 | D:4      | Found a stormy altar of Qazlal.
  3068 | D:4      | Found a glowing silver altar of Zin.
  3073 | D:4      | Found a basalt altar of Yredelemnul.
  3163 | D:4      | You fall into a shaft and drop 1 floor!
  3163 | D:5      | Entered Level 5 of the Dungeon
  3474 | D:5      | Reached skill level 7 in Fighting
  3811 | D:5      | Noticed a hornet
  3933 | D:5      | Found a shadowy altar of Dithmenos.
  3953 | D:5      | Identified the ring "Keteisaeki" {rPois MP+9 Str+7}
  4050 | D:5      | Reached skill level 5 in Stealth
  4050 | D:5      | Reached XP level 8. HP: 73/73 MP: 7/7
  4334 | D:5      | Found a hide-covered altar of Uskayaw.
  4481 | D:5      | Found a transporter.
  4484 | D:5      | Identified the +1 flail of the Traitor {antimagic, rC+
                  | Int+6}
  4484 | D:5      | Noticed a kobold demonologist
  4486 | D:5      | Noticed a two-headed ogre
  4487 | D:5      | Found a transporter.
  4492 | D:5      | Found an ornate altar of the Wu Jian Council.
  4502 | D:5      | Identified the +5 leather armour "Empegg" {Harm Rampage
                  | Int-4 Slay-5}
  4606 | D:6      | Reached skill level 8 in Fighting
  4985 | D:6      | Found an iron altar of Okawaru.
  4992 | D:6      | Reached XP level 9. HP: 49/82 MP: 8/8
  5010 | D:6      | Became a worshipper of Warmaster Okawaru
  5010 | D:6      | Reached * piety under Okawaru
  5010 | D:6      | Reached ** piety under Okawaru
  5060 | D:6      | Found a broken altar of Ashenzari.
  5170 | D:6      | Found an opulent altar of Gozag.
  5208 | D:6      | Noticed Eustachio
  5221 | D:6      | Found a glowing drain.
  5231 | Sewer    | Entered a sewer
  5292 | Sewer    | Reached skill level 9 in Fighting
  5508 | D:6      | Killed Eustachio
  6050 | D:7      | Found a runed translucent door.
  6050 | D:7      | Noticed foxfromabyss's ghost (novice OgGl)
  6234 | D:7      | Reached *** piety under Okawaru
  6607 | D:7      | Reached skill level 10 in Fighting
  6786 | D:7      | Noticed a deep elf pyromancer
  6792 | D:7      | Killed a deep elf pyromancer
  6792 | D:7      | Reached **** piety under Okawaru
  6797 | D:7      | Reached XP level 10. HP: 84/94 MP: 9/9
  6804 | D:7      | Noticed a manticore
  6815 | D:7      | HP: 2/94 [manticore (16)]
  6816 | D:7      | Slain by a manticore

Illustrated notes

Levels and vault maps discovered:
D:1:      dpeg_arrival_stone_temple_mockup, layout_rooms
D:2:      layout_loops_cross, shapermc_ecumenical_altar_mp_ritualfount,
          nicolae_eternal_life, hangedman_abyss_or_decor_lesser_grid,
          kennysheep_generic_room_8
D:3:      layout_rooms, mainiacjoe_overflow_alcove_1,
          gammafunk_temple_overflow_claw, mainiacjoe_overflow_surrounded_room
D:4:      layout_loops_ring, minmay_overflow_temple_star_quad,
          minmay_temple_entry_statues_fountains, glass_columns_a, uniq_pikel
D:5:      layout_gridville, nicolae_uskayaw_dance_hall,
          nicolae_dithmenos_through_a_glass_darkly,
          gammafunk_temple_overflow_arena, minmay_diced_spiral
D:6:      layout_rooms, mainiacjoe_overflow_alcove_4,
          mainiacjoe_overflow_small_starburst, lemuel_crystal_altar,
          portal_sewer_entry_d, dk_vineyard_2, uniq_eustachio
D:7:      minmay_slanted_spiral_squares, layout_basic,
          hellmonk_ghost_happy_afterlife, chequers_serial_rivers_micro_c
Temple:   hellmonk_temple_rainy

Skill      XL: |  1  2  3  4  5  6  7  8  9 |
---------------+----------------------------+-----
Fighting       | 4 6 7 8 10 | 10.6
Stealth        | 2 4 5 6 7 |  7.8
Maces & Flails | 4 |  4.0
Dodging        | 4 5 6 8 9 |  9.7

Action                   |  1- 3 |  4- 6 |  7- 9 | 10-12 || total
-------------------------+-------+-------+-------+-------++-------
Melee: Mace              |    39 |       |       |       ||    39
       Headbutt          |    10 |    11 |    49 |     3 ||    73
       Dagger            |    48 |    16 |       |       ||    64
       Trident           |       |    27 |     3 |       ||    30
       Short sword       |       |     8 |       |       ||     8
       Whip              |       |       |   131 |       ||   131
       Punch             |       |       |     4 |     1 ||     5
       Flail             |       |       |   128 |    12 ||   140
Invok: Heroism           |       |       |       |     1 ||     1
  Use: Scroll            |       |       |     5 |       ||     5
       Potion            |       |       |       |     3 ||     3
 Stab: Sleeping          |     7 |       |       |       ||     7
Armor: Robe              |    13 |       |       |       ||    13
       Scale mail        |       |    15 |     9 |       ||    24
       Chain mail        |       |       |    90 |    15 ||   105
Dodge: Dodged            |    71 |    34 |   151 |    13 ||   269

Table legend: (Time is in decaauts)
 A = Elapsed time spent in this place.
 B = Non-inter-level travel time spent in this place.
 C = Inter-level travel time spent in this place.
 D = Time resting spent in this place.
 E = Time spent auto-exploring this place.
 F = Levels seen in this place.
 G = Mean time per level.
                   A        B        C        D        E       F      G
               +--------+--------+--------+--------+--------+-----+--------+
         Total |   6901 |   6716 |    185 |   1469 |   3603 |   9 |  766.8 |
       Dungeon |   6565 |   6389 |    176 |   1442 |   3490 |   7 |  937.9 |
        Temple |     24 |     15 |      9 |      0 |      0 |   1 |   24.0 |
         Sewer |    311 |    311 |      0 |     27 |    113 |   1 |  311.0 |
               +--------+--------+--------+--------+--------+-----+--------+

Top non-repeatable levels by time:
     D:5: 1179 daAuts
     D:6: 1080 daAuts
     D:4: 1069 daAuts
     D:2: 989 daAuts
     D:7: 928 daAuts
     D:3: 824 daAuts
     D:1: 493 daAuts
   Sewer: 311 daAuts
  Temple: 24 daAuts
